 Dungeon Crawl Stone Soup version 0.28-b1-25-g9875b3fc8c (webtiles) character file.

Game seed: 12896658590854661665

396 zeram the Sneak (level 6, -1/42 HPs)
             Began as an Octopode Monk on Feb 2, 2022.
             Was an Initiate of Gozag.
             Slain by an orc warrior (18 damage)
             ... on level 4 of the Dungeon.
             The game lasted 00:04:45 (4186 turns).

zeram the Sneak (Octopode Monk)                     Turns: 4186, Time: 00:04:46

Health: -1/42      AC:  1    Str: 13    XL:     6   Next: 83%
Magic:  6/6        EV: 14    Int: 12    God:    Gozag
Gold:   349        SH:  0    Dex: 14    Spells: 5/5 levels left

rFire   . . .      SeeInvis .   h - +2 dagger (venom)
rCold   . . .      Faith    .   (no shield)
rNeg    . . .      Spirit   .   (helmet restricted)
rPois   .          Reflect  .   (no amulet)
rElec   .          Harm     .   (no ring)
rCorr   .          Rampage  .   (no ring)
Will    .....                   (no ring)
Stlth   ++++......              (no ring)
HPRegen 0.14/turn               (no ring)
MPRegen 0.10/turn               (no ring)
                                (no ring)
                                (no ring)

@: gold aura
A: almost no armour, amphibious, 8 rings, camouflage 1, gelatinous body 1,
(nimble swimmer 1), tentacles
a: Renounce Religion, Potion Petition, Call Merchant, Bribe Branch


You were on level 4 of the Dungeon.
You worshipped Gozag.
Gozag was aware of your devotion.
You visited 1 branch of the dungeon, and saw 4 of its levels.

You collected 349 gold pieces.

Inventory:

Hand Weapons
 a - a +0 short sword
 h - a +2 dagger of venom (weapon)
Missiles
 f - 12 poisoned darts (quivered)
Jewellery
 b - an amulet of the acrobat
Wands
 c - a wand of flame (10)
Scrolls
 e - a scroll of fog
Potions
 d - 2 potions of degeneration
 i - a potion of brilliance
 j - 2 potions of flight
 l - a potion of lignification


   Skills:
 - Level 3.0 Fighting
 + Level 4.9 Short Blades
 + Level 4.2 Dodging
 + Level 7.1 Stealth


You had 5 spell levels left.
You didn't know any spells.
Your spell library contained the following spells:

 Spells                   Type           Power      Damage    Failure   Level
 Animate Skeleton         Necr           0%         N/A       32%         1
 Apportation              Tloc           0%         N/A       32%         1
 Summon Small Mammal      Summ           0%         N/A       32%         1
 Call Canine Familiar     Summ           0%         N/A       69%         3
 Summon Guardian Golem    Hex/Summ       0%         N/A       69%         3


Dungeon Overview and Level Annotations

Branches:
Dungeon (4/15)
 Temple: D:4-7

Altars:
Gozag
Hepliaklqana

Shops:
D:3 *


Innate Abilities, Weirdness & Mutations

You cannot wear most types of armour.
You are amphibious.
You can wear up to eight rings at the same time.
Your skin changes colour to match your surroundings (Stealth+).
Your rubbery body absorbs attacks. (AC +1, EV +1)
((You are camouflaged when in or above water. (Stealth+)))
You have tentacles for arms and can constrict up to eight enemies at once.


Message History

Done exploring.
Done exploring.
Done exploring.
As you read the scroll labelled PINENT CUTRIS, it crumbles to dust.
Your body is wracked with pain!
It was a scroll of torment.
Key pressed, stopping explore.
Done exploring.
Done exploring.
(D) Dungeon
Where to? (Enter - D:4, ? - help)
There is a stone staircase leading down here.
You climb downwards.
The orc hits you with a +0 short sword. The orc barely misses you. x2
There is a stone staircase leading up, spattered with blood here.
You hit the orc.
The orc is poisoned.
Your grab misses the orc.
The orc is heavily wounded.
You hit the orc.
The orc looks as sick as possible!
You grab the orc. You squeeze the orc, but do no damage.
The orc is severely wounded.
You constrict the orc.
You kill the orc!
The orc completely misses you.
You closely miss the orc. You grab the orc.
You constrict the orc, but do no damage.
The orc closely misses you.
You hit the orc.
The orc is severely wounded.
You constrict the orc, but do no damage.
The orc warrior hits you from afar with a +0 halberd!
The orc misses you.
You hit the orc but do no damage.
The orc is poisoned.
The orc is severely wounded.
You constrict the orc.
You kill the orc!
The orc warrior hits you from afar with a +0 halberd!
You are too injured to fight recklessly!
You are too injured to fight recklessly!
The orc warrior hits you from afar with a +0 halberd!!
You die...
Your body crumbles into a pile of gold.

*******,,,,**,*,#..#
#........,....*,#..#
#.......##....*,#..#####
#...!.........#,#))....#
#.............#.#.######
#..............,#.#
#....o....[.#.#*#.#
#.....$$###.#.###.#
#......@.........(#
####..#...........#
*******####..........##
*>,,,,...............#
*,****######.........#
*,* #.........# *,*
##+###....# *,*
*,**##)### *,*
*,,*#....#


You could see an orc warrior.

Vanquished Creatures
  An ogre (D:4)
  2 orc priests (D:3)
  2 orc wizards (D:3)
  A hound skeleton (D:4)
  Robin (D:2)
  7 adders
  3 gnolls (D:4)
  An adder skeleton (D:4)
  A worm (D:2)
  A dart slug (D:1)
  10 orcs
  2 ball pythons
  8 bats
  6 endoplasms
  2 giant cockroaches (D:4)
  13 goblins
  8 hobgoblins
  3 jackals (D:4)
  2 quokkas
  A frilled lizard (D:2)
  3 kobolds
  3 rats
81 creatures vanquished.

Vanquished Creatures (others)
  25 plants (D:3)
25 creatures vanquished.

Grand Total: 106 creatures vanquished

Notes
Turn   | Place    | Note
-------+----------+-------------------------------------------
     0 | D:1      | zeram the Octopode Monk began the quest for the Orb.
     0 | D:1      | Reached XP level 1. HP: 16/16 MP: 1/1
   188 | D:1      | Reached XP level 2. HP: 21/21 MP: 2/2
   379 | D:1      | Reached skill level 3 in Stealth
   646 | D:2      | Noticed Robin
   650 | D:2      | Reached XP level 3. HP: 20/26 MP: 3/3
   652 | D:2      | Killed Robin
  1114 | D:2      | Reached XP level 4. HP: 25/31 MP: 4/4
  1116 | D:2      | Reached skill level 4 in Stealth
  1891 | D:2      | Found a faded altar of an unknown god.
  2064 | D:3      | Found Oweamol's General Store.
  2120 | D:3      | Found an opulent altar of Gozag.
  2121 | D:3      | Found a hazy altar of Hepliaklqana.
  2290 | D:3      | Became a worshipper of Gozag Ym Sagoz the Greedy
  2419 | D:3      | Reached skill level 5 in Stealth
  2419 | D:3      | Reached XP level 5. HP: 18/36 MP: 5/5
  3140 | D:4      | Noticed an orc warrior
  3190 | D:4      | Noticed an ogre
  3199 | D:4      | Killed an ogre
  3200 | D:4      | Reached skill level 6 in Stealth
  3200 | D:4      | Reached XP level 6. HP: 20/42 MP: 6/6
  3865 | D:3      | Reached skill level 7 in Stealth
  4186 | D:4      | Slain by an orc warrior

Illustrated notes

Levels and vault maps discovered:
D:1:      dpeg_arrival_orchard, layout_basic
D:2:      layout_loops_cross, shapermc_ecumenical_altar_notcrosses,
          kennysheep_generic_room_10, uniq_robin
D:3:      layout_loops_cross, mainiacjoe_overflow_catwalk_spiral, serial_bayou,
          serial_bayou_shore_a, serial_bayou_pond_e, serial_bayou_pond_e,
          serial_bayou_lagoon_a, serial_shops, nicolae_shop_window_shopping
D:4:      layout_basic, kennysheep_generic_room_14

Skill      XL: |  1  2  3  4  5  6 |
---------------+-------------------+-----
Stealth        | 3 5 6 7 |  7.1
Short Blades   | 4 |  4.9
Dodging        | 4 |  4.2
Fighting       | |  3.0

Action                   |  1- 3 |  4- 6 || total
-------------------------+-------+-------++-------
Melee: Short sword       |    52 |    29 ||    81
       Tentacles         |    11 |    29 ||    40
       Constrict         |    11 |    30 ||    41
       Punch             |     1 |     2 ||     3
       Dagger            |       |    87 ||    87
  Use: Scroll            |       |    11 ||    11
       Potion            |       |     1 ||     1
 Stab: Sleeping          |    10 |     8 ||    18
       Distracted        |       |     1 ||     1
Armor: Skin              |     3 |     4 ||     7
Dodge: Dodged            |    21 |    54 ||    75
